 Dungeon Crawl Stone Soup version 0.26-a0-1025-g006ef2cfcc (webtiles) character file.

Game seed: 5666049952514127004

661 Kraken2834 the Firebug (level 7, -2/57 HPs)
             Began as a Red Draconian Fire Elementalist on Dec 9, 2020.
             Slain by an orc warrior
             ... wielding a +0 trident
              (4 damage)
             ... on level 6 of the Dungeon.
             The game lasted 00:17:04 (5047 turns).

Kraken2834 the Firebug (DrFE)                       Turns: 5047, Time: 00:17:04

Health: -2/57      AC:  6    Str: 11    XL:     7   Next: 30%
Magic:  0/13       EV: 12    Int: 17    God:
Gold:   167        SH:  0    Dex: 11    Spells: 5/14 levels left

rFire    + . .     SeeInvis .   m - +2 spear (vorpal)
rCold    . . .     Faith    .   (no shield)
rNeg     . . .     Spirit   .   (armour unavailable)
rPois    .         Reflect  .   (helmet restricted)
rElec    .         Harm     .   (no cloak)
rCorr    .         Rampage  .   (no gloves)
Will     .....                  (no boots)
Stlth    ++........             (no amulet)
HPRegen  0.19/turn              (no ring)
MPRegen  0.13/turn              (no ring)

@: no status effects
A: breathe fire, unfitting armour, fire resistance 1, cold-blooded, AC +6
a: Breathe Fire


You were on level 6 of the Dungeon.
You visited 1 branch of the dungeon, and saw 4 of its levels.

You collected 167 gold pieces.

Inventory:

Hand Weapons
 b - a +0 whip
 m - a +2 vorpal spear (weapon)
Scrolls
 e - a scroll of amnesia {unknown}
 f - 3 scrolls of identify
 g - 3 scrolls of remove curse
 j - 2 scrolls of fog {unknown}
 n - a scroll of teleportation {unknown}
Potions
 a - 2 potions of degeneration
 c - a potion of lignification
 d - 3 potions of haste
 h - a potion of curing
 i - a potion of might {unknown}
 k - a potion of brilliance {unknown}
 l - a potion of attraction {unknown}


   Skills:
 * Level 3.6 Fighting
 - Level 1.7 Dodging
 - Level 1.8 Stealth
 + Level 4.4 Spellcasting
 + Level 3.7 Conjurations
 + Level 6.1 Fire Magic


You had 5 spell levels left.
You knew the following spells:

 Your Spells              Type           Power        Failure   Level
a - Foxfire               Conj/Fire      ###.         1%          1
b - Inner Flame           Hex/Fire       ##......     13%         3
c - Fireball              Conj/Fire      ###.......   50%         5

Your spell library contained the following spells:

 Spells                   Type           Power        Failure   Level
 Conjure Flame            Conj/Fire      ###.....     6%          3
 Sticky Flame             Conj/Fire      ###.....     21%         4


Dungeon Overview and Level Annotations

Branches:
Dungeon (3/15)

Altars:
Ru


Innate Abilities, Weirdness & Mutations

You can breathe blasts of fire.
Your fiery red scales are hard. (AC +6)
You cannot fit into any form of body armour.
Your flesh is heat resistant. (rF+)
You are cold-blooded and may be slowed by cold attacks.


Message History

The orc warrior is almost dead.
The orc warrior barely misses you.
You barely miss the orc warrior.
The orc warrior is almost dead.
The orc warrior closely misses you.
You barely miss the orc warrior.
The orc warrior is almost dead.
The orc warrior hits you but does no damage.
Casting: Foxfire (safe; 1% risk of failure)
Confirm with . or Enter, or press ? or * to list all spells.
You conjure some foxfire!
The orc warrior misses you.
You hit the orc warrior but do no damage.
Your tail-slap misses the orc warrior.
The orc warrior is almost dead.
The foxfire hits the orc warrior but does no damage.
The orc warrior is almost dead.
The foxfire hits the orc warrior.
The orc warrior is almost dead.
The orc warrior hits you with a +0 trident.
You die...

######### #.......#
#...ยง...# #....@o.##..
#.##########....)..))...
.................<......
#.####.####.......#####
#..................
#.##.####.......### ..
#.##......#### #.
#.##......# #
#.##......#


You could see an orc warrior.

Vanquished Creatures
  Grinder (D:3)
  2 hounds (D:6)
  A bullfrog zombie (D:3)
  2 orc priests
  Jessica (D:3)
  3 orc wizards (D:3)
  Terence (D:2)
  Natasha (thrice) (D:3)
  A killer bee zombie (D:6)
  An adder (D:3)
  An ooze (D:3)
  A worm (D:2)
  2 dart slugs (D:3)
  2 leopard geckos (D:3)
  5 orcs
  8 bats
  4 giant cockroaches
  8 goblins
  11 hobgoblins
  4 jackals (D:2)
  4 quokkas
  5 ball pythons
  4 frilled lizards
  6 kobolds
  8 rats
89 creatures vanquished.

Vanquished Creatures (others)
  318 foxfires
318 creatures vanquished.

Grand Total: 407 creatures vanquished

Notes
Turn   | Place    | Note
-------+----------+-------------------------------------------
     0 | D:1      | Kraken2834 the Draconian Fire Elementalist began the quest
                  | for the Orb.
     0 | D:1      | Reached XP level 1. HP: 14/14 MP: 3/3
   600 | D:1      | Reached XP level 2. HP: 22/22 MP: 0/5
  1400 | D:2      | Reached skill level 1 in Fighting
  1571 | D:2      | Reached XP level 3. HP: 26/28 MP: 1/6
  1672 | D:2      | Noticed Terence
  1737 | D:2      | Killed Terence
  2362 | D:2      | Reached XP level 4. HP: 35/35 MP: 4/7
  2426 | D:2      | Learned a level 3 spell: Inner Flame
  2820 | D:3      | Found a glowing drain.
  2878 | D:3      | Reached skill level 4 in Fire Magic
  2878 | D:3      | Reached XP level 5. HP: 18/41 MP: 1/9
  2961 | D:3      | HP: 1/41 [something (3)]
  3237 | D:3      | Learned a level 5 spell: Fireball
  3273 | D:3      | Noticed Natasha
  3279 | D:3      | Killed Natasha
  3967 | D:3      | Noticed Natasha
  3987 | D:3      | Killed Natasha
  4007 | D:3      | Reached XP level 6. HP: 37/50 MP: 1/11
  4104 | D:3      | Noticed Natasha
  4108 | D:3      | Killed Natasha
  4235 | D:3      | Found a sacrificial altar of Ru.
  4439 | D:3      | Noticed Grinder
  4446 | D:3      | Paralysed by Grinder for 7 turns
  4472 | D:3      | Paralysed by Grinder for 3 turns
  4476 | D:3      | Killed Grinder
  4477 | D:3      | Your scales start taking on a fiery red colour.
  4477 | D:3      | Reached skill level 5 in Fire Magic
  4477 | D:3      | Reached XP level 7. HP: 41/57 MP: 0/13
  4477 | D:3      | Gained mutation: Your flesh is heat resistant. (rF+) [Red
                  | Draconian growth]
  4672 | D:3      | Noticed Jessica
  4676 | D:3      | Killed Jessica
  4895 | D:3      | You fall into a shaft and drop 3 floors!
  4900 | D:6      | Reached skill level 6 in Fire Magic
  5041 | D:6      | HP: 1/57 [orc warrior/+0 trident (16)]
  5047 | D:6      | Slain by an orc warrior

Illustrated notes

Levels and vault maps discovered:
D:1:      evilmike_arrival_plus, layout_rooms
D:2:      layout_loops_ring, nicolae_overflow_hidden_temple, uniq_terence
D:3:      layout_loops_cross, nicolae_ru_great_annihilating_truth,
          cheibrodos_sewer_entry_drain, uniq_jessica, uniq_grinder, uniq_natasha
D:6:      layout_basic, temple_statues, serial_shops, shop

Skill      XL: |  1  2  3  4  5  6  7 |
---------------+----------------------+-----
Fighting       | 1 2 3 |  3.6
Conjurations   | 2 3 |  3.7
Spellcasting   | 3 4 |  4.4
Fire Magic     | 4 5 6 |  6.1
Dodging        | |  1.7
Stealth        | |  1.8

Action                   |  1- 3 |  4- 6 |  7- 9 || total
-------------------------+-------+-------+-------++-------
Melee: Whip              |    79 |    72 |       ||   151
       Unarmed           |     3 |       |       ||     3
       Tailslap          |     4 |     5 |       ||     9
       Spear             |       |       |    14 ||    14
 Cast: Foxfire           |    81 |   114 |    34 ||   229
       Inner Flame       |       |     4 |     1 ||     5
  Use: Scroll            |     3 |       |       ||     3
       Potion            |     5 |     2 |     1 ||     8
Armor: Skin              |    34 |    34 |     4 ||    72
Dodge: Dodged            |    74 |    42 |    14 ||   130

Table legend: (Time is in decaauts)
 A = Elapsed time spent in this place.
 B = Non-inter-level travel time spent in this place.
 C = Inter-level travel time spent in this place.
 D = Time resting spent in this place.
 E = Time spent auto-exploring this place.
 F = Levels seen in this place.
 G = Mean time per level.
                   A        B        C        D        E       F      G
               +--------+--------+--------+--------+--------+-----+--------+
         Total |   5090 |   5015 |     75 |   1459 |   2737 |   4 | 1272.5 |
       Dungeon |   5090 |   5015 |     75 |   1459 |   2737 |   4 | 1272.5 |
               +--------+--------+--------+--------+--------+-----+--------+

Top non-repeatable levels by time:
     D:3: 2164 daAuts
     D:2: 1672 daAuts
     D:1: 1100 daAuts
     D:6: 152 daAuts
